 Dungeon Crawl Stone Soup version 0.24.0-125-gc4c63601f3 (webtiles) character file.

Game seed: 18351615519562808320, levelgen mode: deterministic

10510 Peloso the Carver (level 11, -30/95 HPs)
             Began as a Minotaur Fighter on Feb 19, 2020.
             Was a High Priest of Okawaru.
             Annihilated by a white ugly thing (46 damage)
             ... on level 11 of the Dungeon.
             The game lasted 00:22:27 (11222 turns).

Peloso the Carver (Minotaur Fighter)               Turns: 11222, Time: 00:22:28

Health: -30/95     AC: 13    Str: 27    XL:     11   Next: 37%
Magic:  10/10      EV: 13    Int:  5    God:    Okawaru [*****.]
Gold:   488        SH: 14    Dex: 24    Spells: 10/10 levels left

rFire    + + .     SeeInvis .   a - +3 long sword of Duty {speed, rC- rN+ Dex+6 Stlth+}
rCold    x . .     Gourm    .   c - +0 shield
rNeg     + + .     Faith    .   y - +0 fire dragon scales
rPois    +         Spirit   .   (helmet restricted)
rElec    .         Reflect  .   (no cloak)
rCorr    .         Harm     .   k - +0 pair of gloves "Erilith" {*Contam Dex+7}
MR       +....                  (no boots)
Stlth    ++........             (no amulet)
HPRegen  0.25/turn              u - ring of protection from magic
MPRegen  0.12/turn              s - ring "Cijykkis" {*Contam rPois rC+ rN+ Str+4}

@: no status effects
A: retaliatory headbutt, horns 2
a: Heroism, Finesse, Renounce Religion


You were on level 11 of the Dungeon.
You worshipped Okawaru.
Okawaru was extremely pleased with you.
You were not hungry.

You visited 2 branches of the dungeon, and saw 12 of its levels.
You also visited: Sewer.

You collected 488 gold pieces.

Inventory:

Hand Weapons
 a - the +3 long sword of Duty (weapon) {speed, rC- rN+ Dex+6 Stlth+}
   (You found it on level 9 of the Dungeon)

   Attacks with this weapon are significantly faster.
   It affects your dexterity (+6).
   It makes you vulnerable to cold.
   It protects you from negative energy.
   It makes you more stealthy.
 b - the +8 dagger "Hushapni" {freeze, *Rage rC++ MP-9 Str+9}
   (You found it on level 4 of the Dungeon)

   It has been specially enchanted to freeze those struck by it, causing extra
   injury to most foes and up to half again as much damage against particularly
   susceptible opponents.
   It can also slow down cold-blooded creatures.
   It affects your strength (+9).
   It greatly protects you from cold.
   It affects your magic capacity (-9).
   It may make you go berserk in combat.
 p - the +3 giant club "Skullcrusher" {speed, Str+7}
   (You found it in a sewer)

   Attacks with this weapon are significantly faster.
   It affects your strength (+7).
Armour
 c - a +0 shield (worn)
 e - a +0 pair of gloves
 k - the +0 pair of gloves "Erilith" (worn) {*Contam Dex+7}
   (You found it on level 7 of the Dungeon)

   It affects your dexterity (+7).
   It causes magical contamination when unequipped.
 q - a +0 chain mail
 y - +0 fire dragon scales (worn)
Jewellery
 s - the ring "Cijykkis" (right hand) {*Contam rPois rC+ rN+ Str+4}
   (You found it on level 8 of the Dungeon)

   [ring of protection from cold]

   It affects your strength (+4).
   It protects you from cold.
   It protects you from poison.
   It protects you from negative energy.
   It causes magical contamination when unequipped.
 u - a ring of protection from magic (left hand)
 z - an uncursed ring of resist corrosion
 C - an uncursed ring of ice
 E - an uncursed ring of see invisible {unknown}
 K - a +3 ring of strength {unknown}
Wands
 g - a wand of flame (20)
 n - a wand of enslavement (13)
 B - a wand of digging (8)
 I - a wand of polymorph (7)
Scrolls
 h - a scroll of fear
 i - 3 scrolls of enchant weapon {unknown}
 l - 6 scrolls of remove curse
 o - 3 scrolls of blinking {unknown}
 r - 2 scrolls of enchant armour
 t - 2 scrolls of amnesia
 w - 3 scrolls of teleportation {unknown}
 D - a scroll of summoning {unknown}
 F - a scroll of immolation {unknown}
 H - 2 scrolls of random uselessness {unknown}
 J - a scroll of magic mapping {unknown}
Potions
 d - 2 potions of might
 j - 4 potions of curing
 m - 3 potions of resistance
 v - 3 potions of agility
 x - 3 potions of flight
 G - a potion of haste
Comestibles
 f - 25 rations
 A - 2 chunks of flesh


   Skills:
 + Level 8.9 Fighting
 + Level 7.8(10.0) Short Blades
 + Level 10.8(11.9) Long Blades
 + Level 10.2 Armour
 + Level 4.2 Dodging
 + Level 1.5 Stealth
 + Level 10.2 Shields
 + Level 1.1 Invocations


You had 10 spell levels left.
You didn't know any spells.
Your spell library contained the following spells:

 Spells                   Type           Power        Failure   Level  Hunger
 Sandblast                Erth           #.....       91%         1    ##.....
 Blink                    Tloc           N/A          97%         2    ###....
 Passwall                 Tmut/Erth      #.......     97%         2    ###....
 Shroud of Golubria       Chrm/Tloc      #.....       97%         2    ###....
 Gell's Gravitas          Tloc           #.........   100%        3    ####...
 Lesser Beckoning         Tloc           #.........   100%        3    ####...
 Stone Arrow              Conj/Erth      #.....       100%        3    ####...
 Teleport Other           Tloc           #.......     100%        3    ####...
 Passage of Golubria      Tloc           N/A          100%        4    #####..
 Petrify                  Tmut/Erth      #.......     100%        4    #####..
 Lee's Rapid Deconstruct  Erth           #.........   100%        5    ######.


Dungeon Overview and Level Annotations

Branches:
Dungeon (11/15)            Temple (1/1) D:4            Lair (0/6) D:10
    Orc (0/2) D:9           Sewer (visited)

Altars:
Cheibriados
Dithmenos
Elyvilon
Fedhas
Hepliaklqana
Kikubaaqudgha
Makhleb
Nemelex Xobeh
Okawaru
Qazlal
Ru
Sif Muna
Trog
Uskayaw
Vehumet
Wu Jian
Xom
Yredelemnul
Zin
The Shining One


Innate Abilities, Weirdness & Mutations

You reflexively headbutt those who attack you in melee.
You have a pair of horns on your head.


Message History

The white ugly thing gurgles horribly!
The white ugly thing trunk-slaps you! The white ugly thing freezes you!!!
You feel a terrible chill!
* * * LOW HITPOINT WARNING * * *
A scorpion comes into view.
You hit the white ugly thing. You headbutt the white ugly thing!
The white ugly thing is lightly wounded.
The white ugly thing trunk-slaps you but does no damage.
You slash the white ugly thing! You headbutt the white ugly thing!
The white ugly thing is heavily wounded.
The white ugly thing misses you. You furiously retaliate!
You headbutt the white ugly thing. You slash the white ugly thing!
You headbutt the white ugly thing.
The white ugly thing is severely wounded.
You hit the white ugly thing. You headbutt the white ugly thing.
The white ugly thing is almost dead.
The white ugly thing trunk-slaps you!
* * * LOW HITPOINT WARNING * * *
The white ugly thing freezes you!!!
You feel a terrible chill!
You die...

. #########....
#<#..@u...#
#######)#'###...s..
#......[...........
#...........#.#####
#...............
#.........(.#...
#...........####
#...........#
#...........#


You could see a white ugly thing and a scorpion.

Vanquished Creatures
  2 two-headed ogres
  4 death yaks
  A merfolk (D:10)
  3 hippogriffs
  2 vampires
  3 fire bats (D:7)
  4 yaks (D:10)
  A fire elemental (D:7)
  A hungry ghost (D:9)
  A hell hound (D:7)
  4 ice beasts
  A phantom (D:9)
  3 black bears
  2 orc warriors (D:9)
  2 eyes of draining (D:8)
  A necrophage (D:7)
  2 ogres
  3 centaurs
  8 bullfrogs
  A scorpion (D:4)
  6 killer bees (D:8)
  A water moccasin skeleton (D:9)
  An electric eel (D:8)
  2 wights (D:6)
  2 howler monkeys (D:10)
  3 crimson imps
  A quasit (D:10)
  2 jellies
  6 hounds
  7 orc wizards
  10 orc priests
  A bullfrog skeleton (D:10)
  A centaur skeleton (D:6)
  5 iguanas
  7 worker ants
  A hound zombie (D:8)
  A hound skeleton (D:7)
  Robin (D:2)
  12 gnolls
  18 adders
  A howler monkey skeleton (D:9)
  A shadow imp (D:9)
  3 oozes
  An adder zombie (D:4)
  An adder skeleton (D:4)
  4 worms
  4 dart slugs
  10 leopard geckos
  43 orcs
  11 bats
  10 giant cockroaches
  8 hobgoblins
  3 jackals (D:3)
  5 quokkas
  6 ball pythons
  10 frilled lizards
  10 goblins
  A jackal skeleton (D:2)
  A jackal zombie (D:8)
  7 kobolds
  A quokka zombie (D:10)
  10 rats
  3 bushes (D:1)
291 creatures vanquished.

Vanquished Creatures (others)
  An orc (D:8)
1 creature vanquished.

Grand Total: 292 creatures vanquished

Notes
Turn   | Place    | Note
-------+----------+-------------------------------------------
     0 | D:1      | Peloso the Minotaur Fighter began the quest for the Orb.
     0 | D:1      | Reached XP level 1. HP: 19/19 MP: 0/0
    73 | D:1      | Reached XP level 2. HP: 27/27 MP: 1/1
   530 | D:1      | Reached XP level 3. HP: 33/33 MP: 2/2
   955 | D:2      | Reached XP level 4. HP: 33/41 MP: 3/3
  1165 | D:2      | Found a shadowy altar of Dithmenos.
  1211 | D:2      | Reached skill level 1 in Dodging
  1441 | D:2      | Noticed Robin
  1454 | D:2      | Killed Robin
  1454 | D:2      | Reached XP level 5. HP: 35/47 MP: 4/4
  1808 | D:3      | Found a glowing drain.
  1859 | Sewer    | Entered a sewer
  2068 | Sewer    | Found the +3 giant club "Skullcrusher" {speed, Str+7}
  2142 | Sewer    | Reached skill level 5 in Shields
  2142 | Sewer    | Reached XP level 6. HP: 28/53 MP: 5/5
  2146 | Sewer    | Reached skill level 5 in Armour
  2592 | D:3      | Reached skill level 5 in Long Blades
  3949 | D:4      | Found a staircase to the Ecumenical Temple.
  3968 | Temple   | Entered the Ecumenical Temple
  4101 | Temple   | Became a worshipper of Warmaster Okawaru
  4184 | D:4      | Reached XP level 7. HP: 60/60 MP: 6/6
  4706 | D:4      | Got a scorched dagger
  4707 | D:4      | Identified the +8 dagger "Hushapni" {freeze, *Rage rC++
                  | MP-9 Str+9} (You found it on level 4 of the Dungeon)
  4888 | D:5      | Entered Level 5 of the Dungeon
  4952 | D:5      | Reached * piety under Okawaru
  4952 | D:5      | Reached skill level 5 in Fighting
  5147 | D:5      | Reached skill level 1 in Short Blades
  5287 | D:5      | Reached XP level 8. HP: 49/68 MP: 0/7
  5573 | D:6      | Reached skill level 1 in Stealth
  5626 | D:6      | Reached ** piety under Okawaru
  5972 | D:6      | Found a blossoming altar of Fedhas.
  6089 | D:7      | Reached skill level 5 in Short Blades
  6227 | D:7      | Found a burning altar of Makhleb.
  6235 | D:7      | Reached XP level 9. HP: 75/75 MP: 0/8
  6279 | D:7      | Found a transporter.
  6323 | D:7      | Found a sparkling altar of Nemelex Xobeh.
  6558 | D:7      | Found a transporter.
  6992 | D:8      | Found a shimmering blue altar of Sif Muna.
  7074 | D:8      | Reached *** piety under Okawaru
  7512 | D:8      | Found a bloodstained altar of Trog.
  7546 | D:8      | Got a coiled lapis lazuli ring
  7547 | D:8      | Identified the ring "Cijykkis" {*Contam rPois rC+ rN+
                  | Str+4} (You found it on level 8 of the Dungeon)
  7804 | D:9      | Reached **** piety under Okawaru
  7918 | D:9      | Found a staircase to the Orcish Mines.
  8045 | D:9      | Noticed a two-headed ogre
  8050 | D:9      | Killed a two-headed ogre
  8050 | D:9      | Reached XP level 10. HP: 71/86 MP: 0/9
  8056 | D:9      | Got a twisted long sword
  8057 | D:9      | Identified the +3 long sword of Duty {speed, rC- rN+ Dex+6
                  | Stlth+} (You found it on level 9 of the Dungeon)
  8253 | D:9      | Reached ***** piety under Okawaru
  8491 | D:10     | Entered Level 10 of the Dungeon
  8712 | D:10     | Noticed a death yak
  8714 | D:10     | Found a staircase to the Lair.
  8715 | D:10     | Noticed a death yak
  8715 | D:10     | Noticed a death yak
  8715 | D:10     | Noticed a death yak
  8974 | D:9      | Killed a death yak
  8974 | D:9      | Received a gift from Okawaru
  9285 | D:9      | Killed a death yak
  9444 | D:9      | Killed a death yak
  9681 | D:10     | Killed a death yak
  9681 | D:10     | Reached XP level 11. HP: 48/95 MP: 7/10
  9921 | D:10     | Noticed a two-headed ogre
  9943 | D:10     | Killed a two-headed ogre
  9943 | D:10     | Reached skill level 10 in Long Blades
  9943 | D:10     | Reached skill level 10 in Armour
  9943 | D:10     | Reached skill level 10 in Shields
 10579 | D:10     | Found a shadowy altar of Dithmenos.
 10624 | D:10     | Reached skill level 1 in Invocations
 11090 | D:7      | Got a pair of spiked gloves
 11103 | D:7      | Identified the +0 pair of gloves "Erilith" {*Contam Dex+7}
                  | (You found it on level 7 of the Dungeon)
 11212 | D:11     | Noticed a white ugly thing
 11222 | D:11     | Annihilated by a white ugly thing

Levels and vault maps discovered:
D:1:      scummos_arrival_checkerplants, layout_basic, serial_forest,
          infiniplex_forest_end_2, infiniplex_forest_clump_tiny,
          infiniplex_forest_end_2, infiniplex_forest_straight_4,
          infiniplex_forest_straight_4, infiniplex_forest_straight_4,
          infiniplex_forest_straight_3, minmay_domino_2
D:2:      layout_basic, lemuel_crystal_altar, first_ration, uniq_robin
D:3:      layout_loops_ring, portal_sewer_entry_f, minmay_misc_feat_tiny
D:4:      layout_layer_cave, temple_pool_b
D:5:      layout_basic, kennysheep_generic_room_14
D:6:      layout_rooms, basic_altar, minmay_misc_feat_encased
D:7:      gammafunk_cloud_chamber, layout_basic, makhleb_blood_cavern_becter,
          kennysheep_mini
D:8:      layout_cave_pools, tgw_sif, fungi_pond_lemuel,
          chequers_serial_rivers_small_b, trog_eyes_of_draining
D:9:      layout_loops_ring, hiddenorc1_lemuel, nicolae_two_hexagons
D:10:     layout_gridville, dpeg_lair_monsters, hangedman_fish_farm,
          grunt_dithmenos_smoke
D:11:     cheibrodos_barr_body, layout_basic, roderic_serpentine_path,
          minmay_diced_spiral, uniq_nergalle, uniq_fannar
Temple:   eino_narrow_crystal_temple

Skill      XL: |  1  2  3  4  5  6  7  8  9 10 11 |
---------------+----------------------------------+-----
Shields        | 4 5 6 8 9 10 | 10.2
Fighting       | 4 5 6 7 8 |  8.9
Armour         | 4 5 6 7 8 9 10 | 10.2
Long Blades    | 3 4 5 7 9 10 | 10.8
Dodging        | 1 2 3 4 |  4.2
Short Blades   | 2 5 7 |  7.8
Stealth        | 1 |  1.5
Invocations    | 1 |  1.1

Action                   |  1- 3 |  4- 6 |  7- 9 | 10-12 || total
-------------------------+-------+-------+-------+-------++-------
Melee: Long sword        |   173 |   218 |    26 |   205 ||   622
       Headbutt          |    58 |    32 |    64 |    93 ||   247
       Dagger            |       |       |   241 |       ||   241
Invok: Heroism           |       |       |       |     6 ||     6
  Use: Potion            |     5 |       |     2 |       ||     7
       Scroll            |       |       |     3 |     4 ||     7
  Eat: Chunk             |       |    10 |    10 |     8 ||    28
       Ration            |       |       |     1 |     1 ||     2
Armor: Scale mail        |    44 |    76 |       |       ||   120
       Chain mail        |       |    40 |    30 |       ||    70
       Fire dragon scale |       |       |    54 |    32 ||    86
Dodge: Dodged            |    32 |    83 |    62 |    64 ||   241
Block: Shield            |    46 |   149 |   118 |   103 ||   416
       Rpst.: Long sword |     5 |    26 |       |    22 ||    53
